 Dungeon Crawl Stone Soup version 0.18-a0-1570-gf60b0ab (webtiles) character file.

168 M4edhros the Poker (level 5, -7/32 HPs)
             Began as an Octopode Chaos Knight on Mar 14, 2016.
             Shot with an arrow by a centaur warrior (21 damage)
             ... on level 1 of the Dungeon.
             The game lasted 00:03:05 (6099 turns).

M4edhros the Poker (Octopode Chaos Knight)          Turns: 6099, Time: 00:03:05

Health: -7/32      AC:  1    Str: 12      XL:     5   Next: 49%
Magic:  5/5        EV: 11    Int: 14      God:    Xom [....*.]
Gold:   74         SH:  4    Dex: 11 (12) Spells: 0 memorised, 4 levels left

rFire  . . .     SeeInvis .     a - +0 spear (chaos)
rCold  + + .     Gourm    .     f - +1 buckler {rC+}
rNeg   . . .     Faith    .     (helmet restricted)
rPois  .         Spirit   .     (no amulet)
rElec  .         Dismiss  .     h - ring of protection from cold
rCorr  .         Reflect  .     (no ring)
SustAt .         Harm     .     (no ring)
MR     .....                    (no ring)
Stlth  ++........               (no ring)
                                (no ring)
                                (no ring)
                                (no ring)

@: drained, not resistant to hostile enchantments, unstealthy
A: almost no armour, amphibious, 8 rings, constrict 8, camouflage 1, blurry
vision 2, deterioration 1, frail 1, gelatinous body 1
a: Renounce Religion


You were on level 1 of the Dungeon.
You worshipped Xom.
You were a beloved toy of Xom.
You were not hungry.

You visited 1 branch of the dungeon, and saw 1 of its levels.

You collected 74 gold pieces.

Inventory:

Hand Weapons
 a - a +0 spear of chaos (weapon)
Missiles
 d - 31 sling bullets
 e - 14 sling bullets of flame
Armour
 f - a +1 buckler of cold resistance (worn)
Jewellery
 h - a ring of protection from cold (left tentacle)
Scrolls
 c - a scroll of amnesia {unknown}
 g - 2 scrolls of remove curse {unknown}
Comestibles
 b - a bread ration


   Skills:
 - Level 3.0(2.9) Fighting
 + Level 6.0 Polearms
 - Level 2.3 Dodging


You had 4 spell levels left.
You didn't know any spells.

Dungeon Overview and Level Annotations

Branches:
Dungeon (1/15)

Altars:


Innate Abilities, Weirdness & Mutations

You cannot wear most types of armour.
You are amphibious.
You can wear up to eight rings at the same time.
You can use your tentacles to constrict eight enemies at once.
Your skin changes colour to match your surroundings (Stealth).
Your rubbery body absorbs attacks (AC +1).
Scrolls take you longer to read.
Your body sometimes deteriorates upon taking damage.
You are frail (-10% HP).


Message History

The centaur warrior wields a longbow.
The centaur warrior shoots an arrow.
The arrow misses you.
You hit the goblin. You freeze the goblin. Your grab misses the goblin.
Your squeeze misses the goblin.
The goblin is heavily wounded.
The centaur warrior shoots an arrow.
The arrow hits you!!
Ouch! That really hurt!
The goblin closely misses you.
You hit the goblin. You burn the goblin.
You kill the goblin!
The centaur warrior shoots an arrow.
The arrow misses you.
Evoke which item? (* to show all) (? for menu, Esc to quit)
Okay, then.
You aren't carrying any potions.
Read which item? (? for menu, Esc to quit)
Okay, then.
The centaur warrior shoots an arrow.
The arrow hits you!!
Ouch! That really hurt!
You die...
Xom guffaws!

##.# #.#.......w.#, #.##
#c#####.#####.# ####..#
#)#...........#, ....).#
##.#.###)#######, #####.#
#..............., , #.##
#......#.#######
#####..#####.............,,
...............(†).......
######÷.........@.#.#####*
* #...#.....##...#
#..######.##...# * ***
#...8.....8..#...,, , ,
#...#.....#..#.###
#...#..<..#..#.., ,,*
#...#.....#..# ##** ,*
#...8.....8..., ###* *
#..##.######...,..# ,


You could see a centaur warrior.

Vanquished Creatures
  3 wights (D:1)
  An ooze (D:1)
  A worm (D:1)
  A dart slug (D:1)
  2 giant geckos (D:1)
  A ball python (D:1)
  3 bats (D:1)
  3 giant cockroaches (D:1)
  7 goblins (D:1)
  2 hobgoblins (D:1)
  A giant newt (D:1)
  2 kobolds (D:1)
  5 rats (D:1)
32 creatures vanquished.

Notes
Turn   | Place    | Note
--------------------------------------------------------------
     0 | D:1      | M4edhros the Octopode Chaos Knight began the quest for the Orb.
     0 | D:1      | Reached XP level 1. HP: 16/16 MP: 1/1
   280 | D:1      | XOM: harmless Erth miscast
   993 | D:1      | XOM: colour smoke trail
  1002 | D:1      | XOM: 1-stop teleportation journey
  1196 | D:1      | XOM: torment (9/16 hp)
  1337 | D:1      | XOM: mild Chrm miscast
  1496 | D:1      | XOM: stat loss: -1 Str (10/11)
  1556 | D:1      | XOM is BORED!
  1556 | D:1      | XOM: mild Chrm miscast
  1581 | D:1      | XOM: stat loss: -1 Dex (10/11)
  2159 | D:1      | Reached XP level 2. HP: 14/21 MP: 2/2
  2232 | D:1      | XOM: severe Conj miscast
  2447 | D:1      | XOM: 7-stop teleportation journey
  2536 | D:1      | XOM: silly message
  2610 | D:1      | XOM: cast spell 'Dragon Form'
  2886 | D:1      | XOM: divination: magic mapping
  3961 | D:1      | XOM: noise
  3974 | D:1      | Reached skill level 4 in Polearms
  4343 | D:1      | Reached XP level 3. HP: 26/26 MP: 3/3
  4496 | D:1      | XOM: give mutations
  4496 | D:1      | Gained mutation: Scrolls take you a little longer to read. [Xom's mischief]
  4496 | D:1      | Gained mutation: You are frail (-10% HP). [Xom's mischief]
  4496 | D:1      | Gained mutation: Scrolls take you longer to read. [Xom's mischief]
  4496 | D:1      | Gained mutation: Your body sometimes deteriorates upon taking damage. [Xom's mischief]
  5002 | D:1      | XOM is BORED!
  5002 | D:1      | XOM: noise
  5156 | D:1      | XOM: 3-stop teleportation journey
  5213 | D:1      | XOM: medium Chrm miscast
  5233 | D:1      | Reached skill level 5 in Polearms
  5233 | D:1      | Reached XP level 4. HP: 27/27 MP: 4/4
  5234 | D:1      | XOM: enchant monster (good)
  5249 | D:1      | XOM: 2-stop teleportation journey
  5289 | D:1      | Reached XP level 5. HP: 23/32 MP: 5/5
  5520 | D:1      | XOM: god gift: shiny buckler {god gift}
  5522 | D:1      | XOM: god gift: ruby ring {god gift}
  5699 | D:1      | Reached skill level 6 in Polearms
  6023 | D:1      | XOM: 8-stop teleportation journey
  6095 | D:1      | Noticed a centaur warrior
  6099 | D:1      | Shot with an arrow by a centaur warrior

Vault maps used:
D:1:      scummos_arrival_simple_crosswalls

Skill      XL: |  1  2  3  4  5 |
---------------+----------------+-----
Polearms       | 4 5 6 |  6.0
Fighting       | |  3.0
Dodging        | |  2.3

Action                   |  1- 3 |  4- 6 || total
-------------------------+-------+-------++-------
Melee: Spear             |    67 |    47 ||   114
 Stab: Sleeping          |     2 |       ||     2
       Petrifying        |     1 |     2 ||     3
       Distracted        |     1 |       ||     1
       Paralysed         |       |    10 ||    10
  Eat: Chunk             |    12 |     4 ||    16
